 Dungeon Crawl Stone Soup version 0.30.1-4-g462c640d31 (webtiles) character file.

Game seed: 17049752884349144674

113 HagarQim the Slicer (level 4, -1/32 HPs)
             Began as a Gnoll Wanderer on Aug 29, 2023.
             Slain by an iguana (3 damage)
             ... on level 4 of the Dungeon.
             The game lasted 00:05:29 (2881 turns).

HagarQim the Slicer (Gnoll Wanderer)                Turns: 2881, Time: 00:05:30

Health: -1/32      AC:  3    Str: 11    XL:     4   Next: 96%
Magic:  6/8        EV: 11    Int: 12    God:
Gold:   105        SH:  0    Dex: 13    Spells: 8/9 levels left

rFire   . . .        r - +2 dagger (speed)
rCold   . . .        (no shield)
rNeg    . . .        o - +0 leather armour {Will+}
rPois   .            (no helmet)
rElec   .            (no cloak)
rCorr   .            (no gloves)
SInv    .            (no boots)
Will    +....        e - amulet of faith
Stlth   ++           (no ring)
HPRegen 0.25/turn    (no ring)
MPRegen 0.11/turn

%: faith
@: no status effects
A: fangs 1, strong nose, distributed training
a: no special abilities


You were on level 4 of the Dungeon.
You visited 1 branch of the dungeon, and saw 4 of its levels.

You collected 105 gold pieces.

Inventory:

Hand Weapons
 a - a +2 short sword
 p - a +3 mace of protection
 r - a +2 dagger of speed (weapon)
Armour
 d - a +0 leather armour
 o - a +0 leather armour of willpower (worn)
Magical Staves
 k - a staff of fire
 m - a staff of earth
Jewellery
 e - an amulet of faith (around neck)
Scrolls
 c - 2 scrolls of blinking
 f - 3 scrolls of enchant weapon
 g - a scroll of summoning {unknown}
 h - 2 scrolls of fog {unknown}
 i - a scroll of magic mapping
 j - a scroll of vulnerability {unknown}
 n - a scroll of fear {unknown}
 q - a scroll of noise {unknown}
Potions
 l - 2 potions of flight {unknown}
Miscellaneous
 b - a piece from Xom's chessboard (15/15)


   Skills:
 + Level 1.3 Fighting
 + Level 8.6 Short Blades
 + Level 1.3 Long Blades
 + Level 1.3 Axes
 + Level 1.3 Maces & Flails
 + Level 1.3 Polearms
 + Level 1.3 Staves
 + Level 1.3 Ranged Weapons
 + Level 1.3 Throwing
 + Level 2.9 Armour
 + Level 1.3 Dodging
 + Level 4.3 Stealth
 + Level 1.3 Shields
 + Level 1.3 Unarmed Combat
 + Level 3.1 Spellcasting
 + Level 1.1 Conjurations
 + Level 1.1 Hexes
 + Level 1.1 Summonings
 + Level 1.1 Necromancy
 + Level 1.1 Translocations
 + Level 1.1 Transmutations
 + Level 1.1 Fire Magic
 + Level 1.1 Ice Magic
 + Level 1.1 Air Magic
 + Level 2.3 Earth Magic
 + Level 1.1 Poison Magic
 + Level 1.5 Invocations
 + Level 2.9 Evocations


You had 8 spell levels left.
You knew the following spells:

 Your Spells              Type           Power      Damage    Failure   Level
a - Sandblast             Erth           14%        2d6       12%         1

Your spell library contained the following spells:

 Spells                   Type           Power      Damage    Failure   Level
 Sublimation of Blood     Necr           4%         N/A       30%         2
 Stone Arrow              Conj/Erth      12%        3d7       41%         3
 Petrify                  Tmut/Erth      6%         N/A       83%         4
 Irradiate                Conj/Tmut      2%         3d12      99%         5


Dungeon Overview and Level Annotations

Branches:
Dungeon (4/15)
 Temple: D:4-7

Altars:
Gozag
Kikubaaqudgha


Innate Abilities, Weirdness & Mutations

You have very sharp teeth.
Your uncanny sense of smell can sniff out nearby items.
Your experience applies equally to all skills.


Message History

You kill the hobgoblin!
The goblin hits you but does no damage.
The goblin hits you with a +2 dagger of speed.
You hit the goblin.
You kill the goblin!
No target in view!
You start resting.
HP restored.
You see here a +2 dagger of speed.
r - a +2 dagger of speed
f - 3 scrolls of enchant weapon (gained 2)
Found an escape hatch in the floor.
Your +3 mace of protection goes still.
Your hands tingle!
r - a +2 dagger of speed (weapon)
An adder and an iguana come into view.
There is an escape hatch in the floor here.
The iguana hisses angrily.
The iguana bites you.
You closely miss the iguana. The iguana bites you.
You barely miss the iguana. You barely miss the iguana. The iguana bites you!
You are too injured to fight recklessly!
Casting: Sandblast (safe; 12% risk of failure)
Confirm with . or Enter, or press ? or * to list all spells.
Aiming: Sandblast (safe; 12% risk of failure)
Press: ? - help, Shift-Dir - straight line, f - iguana
Aim: an iguana (83% to hit)
The blast of sand hits the iguana.
The iguana is moderately wounded.
The iguana bites you!
* * * LOW HITPOINT WARNING * * *
Casting: Sandblast (safe; 12% risk of failure)
Confirm with . or Enter, or press ? or * to list all spells.
Aiming: Sandblast (safe; 12% risk of failure)
Press: ? - help, Shift-Dir - straight line, f/p - iguana
Aim: an iguana (moderately wounded, 83% to hit)
The blast of sand hits the iguana.
The iguana is heavily wounded.
The iguana misses you. The iguana bites you.
You die...

##########
#....$...#
#.##l@.#.#######
.......#.......S..
######............
###.#>###### #.#.#
#.#.# #.#.# ##.#.#
#....#


You could see an iguana.

Vanquished Creatures
  4 adders
  A worm (D:3)
  A dart slug (D:2)
  9 bats
  5 endoplasms
  5 giant cockroaches
  2 goblins
  7 hobgoblins
  7 jackals
  3 quokkas
  10 ball pythons
  3 frilled lizards (D:1)
  4 kobolds
  4 rats
65 creatures vanquished.

Notes
Turn   | Place    | Note
-------+----------+-------------------------------------------
     0 | D:1      | HagarQim the Gnoll Wanderer began the quest for the Orb.
     0 | D:1      | HagarQim set off with the following items: a +2 short
                  | sword, a piece from Xom's chessboard (15/15), a scroll of
                  | blinking, a +0 leather armour; and the following spell
                  | memorised: Sandblast; and the following spells available to
                  | memorise: Stone Arrow.
     0 | D:1      | Reached XP level 1. HP: 13/13 MP: 4/4
   144 | D:1      | Reached XP level 2. HP: 18/19 MP: 5/5
   462 | D:1      | Reached XP level 3. HP: 24/25 MP: 7/7
   813 | D:2      | Reached skill level 1 in Invocations
  1043 | D:2      | Reached skill level 1 in Fighting
  1043 | D:2      | Reached skill level 1 in Long Blades
  1043 | D:2      | Reached skill level 1 in Axes
  1043 | D:2      | Reached skill level 1 in Maces & Flails
  1043 | D:2      | Reached skill level 1 in Polearms
  1043 | D:2      | Reached skill level 1 in Staves
  1043 | D:2      | Reached skill level 1 in Ranged Weapons
  1043 | D:2      | Reached skill level 1 in Throwing
  1043 | D:2      | Reached skill level 1 in Dodging
  1043 | D:2      | Reached skill level 1 in Shields
  1043 | D:2      | Reached skill level 1 in Unarmed Combat
  1396 | D:2      | Reached XP level 4. HP: 32/32 MP: 8/8
  2046 | D:3      | Reached skill level 1 in Conjurations
  2046 | D:3      | Reached skill level 1 in Hexes
  2046 | D:3      | Reached skill level 1 in Summonings
  2046 | D:3      | Reached skill level 1 in Necromancy
  2046 | D:3      | Reached skill level 1 in Translocations
  2046 | D:3      | Reached skill level 1 in Transmutations
  2046 | D:3      | Reached skill level 1 in Fire Magic
  2046 | D:3      | Reached skill level 1 in Ice Magic
  2046 | D:3      | Reached skill level 1 in Air Magic
  2046 | D:3      | Reached skill level 1 in Poison Magic
  2135 | D:3      | Found a faded altar of an unknown god.
  2289 | D:3      | Found an ancient bone altar of Kikubaaqudgha.
  2307 | D:3      | Found an opulent altar of Gozag.
  2881 | D:4      | Slain by an iguana

Illustrated notes

Levels and vault maps discovered:
D:1:      nagdon_arrival_double_spiral, layout_loops_ring
D:2:      layout_loops_corners, minmay_misc_feat_cross
D:3:      layout_loops_ring, mainiacjoe_overflow_swirl,
          hellmonk_ecumenical_altar_run_dry, minmay_checkerbox
D:4:      layout_loops_ring, xom_redecorated, mainiacjoe_overflow_alcove_2,
          ebering_ghost_sewer_f

Skill      XL: |  1  2  3  4 |
---------------+-------------+-----
Earth Magic    | 2 |  2.3
Invocations    | 1 |  1.5
Fighting       | 1 |  1.3
Long Blades    | 1 |  1.3
Axes           | 1 |  1.3
Maces & Flails | 1 |  1.3
Polearms       | 1 |  1.3
Staves         | 1 |  1.3
Ranged Weapons | 1 |  1.3
Throwing       | 1 |  1.3
Dodging        | 1 |  1.3
Shields        | 1 |  1.3
Unarmed Combat | 1 |  1.3
Spellcasting   | 3 |  3.1
Conjurations   | 1 |  1.1
Hexes          | 1 |  1.1
Summonings     | 1 |  1.1
Necromancy     | 1 |  1.1
Translocations | 1 |  1.1
Transmutations | 1 |  1.1
Fire Magic     | 1 |  1.1
Ice Magic      | 1 |  1.1
Air Magic      | 1 |  1.1
Poison Magic   | 1 |  1.1
Short Blades   | |  8.6
Armour         | |  2.9
Stealth        | |  4.3
Evocations     | |  2.9

Action                     |  1- 3 |  4- 6 || total
---------------------------+-------+-------++-------
  Melee: Short sword       |   112 |    68 ||   180
         Bite              |     8 |     5 ||    13
         Punch             |     1 |       ||     1
         Mace              |       |     7 ||     7
         Dagger            |       |     3 ||     3
   Cast: Sandblast         |       |     2 ||     2
    Use: Scroll            |     2 |     1 ||     3
   Stab: Sleeping          |    11 |     8 ||    19
 Armour: Leather armour    |    15 |    19 ||    34
  Dodge: Dodged            |    58 |    22 ||    80
